 Dungeon Crawl Stone Soup version 0.28-b1-25-g9875b3fc8c (webtiles) character file.

Game seed: 17486241476080888889

4529 Kurdi the Magician (level 10, -5/111 HPs)
             Began as a Gnoll Fire Elementalist on Feb 8, 2022.
             Was a Believer of Cheibriados.
             Killed from afar by an orc wizard (9 damage)
             ... with a magic dart
             ... on level 8 of the Dungeon.
             The game lasted 00:26:56 (12580 turns).

Kurdi the Magician (Gnoll Fire Elementalist)       Turns: 12580, Time: 00:26:57

Health: -5/111     AC: 29    Str: 15    XL:     10   Next: 39%
Magic:  7/21       EV:  2    Int: 22    God:    Cheibriados [**....]
Gold:   336        SH: 11    Dex: 17    Spells: 6/23 levels left

rFire   . . .      SeeInvis +   C - +2 whip (drain)
rCold   . . .      Faith    .   D - +0 buckler
rNeg    . . .      Spirit   .   (armour currently unavailable)
rPois   +          Reflect  +   (helmet currently unavailable)
rElec   .          Harm     .   (cloak currently unavailable)
rCorr   .          Rampage  .   (gloves currently unavailable)
Will    .....      NoTele   +   (boots currently unavailable)
Stlth   ++++......              u - amulet of reflection
HPRegen 0.28/turn               q - +4 ring of protection
MPRegen 0.17/turn               A - ring of see invisible

@: mighty, tree-form, very slow
A: stationary, stasis, torment immunity, boosted hp, (fangs 1), strong nose,
distributed training
a: Renounce Religion, Bend Time


You were on level 8 of the Dungeon.
You worshipped Cheibriados.
Cheibriados was pleased with you.
You were a tree.
You visited 2 branches of the dungeon, and saw 9 of its levels.

You collected 336 gold pieces.

Inventory:

Hand Weapons
 m - a +2 spear of flaming
 s - a +2 trident of venom
 z - a +2 halberd of protection
 C - a +2 whip of draining (weapon)
Missiles
 v - a throwing net
Armour
 a - a +0 robe
 k - a +1 leather armour of poison resistance (melded)
 l - a +2 cloak (melded)
 t - a +0 kite shield
 D - a +0 buckler (worn)
Jewellery
 q - a +4 ring of protection (left branch)
 u - an amulet of reflection (around neck)
 A - a ring of see invisible (right branch)
Scrolls
 c - 2 scrolls of enchant weapon {unknown}
 h - 2 scrolls of enchant armour {unknown}
 j - a scroll of fog {unknown}
 o - 3 scrolls of holy word {unknown}
 p - 2 scrolls of teleportation {unknown}
 y - 3 scrolls of vulnerability {unknown}
 F - a scroll of magic mapping
Potions
 b - a potion of haste
 d - a potion of might
 e - a potion of flight
 f - a potion of lignification
 g - a potion of berserk rage
 i - a potion of brilliance {unknown}
 r - 2 potions of resistance {unknown}
 w - 2 potions of magic {unknown}
 G - a potion of invisibility {unknown}


   Skills:
 + Level 5.2 Fighting
 + Level 5.2 Short Blades
 + Level 5.2 Long Blades
 + Level 5.2 Axes
 + Level 5.2 Maces & Flails
 + Level 5.2 Polearms
 + Level 5.2 Staves
 + Level 5.2 Slings
 + Level 5.2 Bows
 + Level 5.2 Crossbows
 + Level 5.2 Throwing
 + Level 5.2 Armour
 + Level 7.0 Dodging
 + Level 6.8 Stealth
 + Level 5.2 Shields
 + Level 5.2 Unarmed Combat
 + Level 7.3 Spellcasting
 + Level 4.9 Conjurations
 + Level 4.3 Hexes
 + Level 4.3 Summonings
 + Level 4.3 Necromancy
 + Level 4.3 Translocations
 + Level 4.3 Transmutations
 + Level 7.0 Fire Magic
 + Level 4.3 Ice Magic
 + Level 4.3 Air Magic
 + Level 4.3 Earth Magic
 + Level 4.3 Poison Magic
 + Level 5.7 Invocations
 + Level 5.2 Evocations


You had 6 spell levels left.
You knew the following spells:

 Your Spells              Type           Power      Damage    Failure   Level
a - Foxfire               Conj/Fire      100%       2x1d9     1%          1
b - Scorch                Fire           78%        2d9       1%          2
c - Conjure Flame         Conj/Fire      34%        6-21      2%          3
d - Inner Flame           Hex/Fire       33%        N/A       3%          3
e - Flame Wave            Conj/Fire      34%        2d8       9%          4
f - Animate Armour        Summ/Erth      54%        N/A       17%         4

Your spell library contained the following spells:

 Spells                   Type           Power      Damage    Failure   Level
 Shock                    Conj/Air       100%       1d9       1%          1
 Ozocubu's Armour         Ice            27%        N/A       4%          3
 Stone Arrow              Conj/Erth      56%        3d10      4%          3
 Swiftness                Air            27%        N/A       4%          3
 Airstrike                Air            13%        N/A       17%         4
 Metabolic Englaciation   Hex/Ice        13%        N/A       43%         5
 Summon Forest            Summ/Tloc      13%        N/A       43%         5
 Summon Mana Viper        Hex/Summ       27%        N/A       43%         5
 Simulacrum               Ice/Necr       13%        N/A       95%         6
 Summon Cactus Giant      Summ           13%        N/A       95%         6
 Lehudib's Crystal Spear  Conj/Erth      14%        10d5      100%        8


Dungeon Overview and Level Annotations

Branches:
Dungeon (8/15)             Temple (1/1) D:5
   Lair: D:8-11

Altars:
Ashenzari
Cheibriados
Dithmenos
Elyvilon
Fedhas
Gozag
Hepliaklqana
Kikubaaqudgha
Makhleb
Nemelex Xobeh
Qazlal
Ru
Sif Muna
Trog
Uskayaw
Vehumet
Wu Jian
Xom
Yredelemnul
Zin
The Shining One


Innate Abilities, Weirdness & Mutations

You are a tree.
Your roots penetrate the ground, keeping you stationary.
You cannot be teleported.
You are immune to unholy pain and torment.
Your maximum health is greatly increased.
Your equipment is partially melded.
((You have very sharp teeth.))
Your uncanny sense of smell can sniff out nearby items.
Your experience applies equally to all skills.


Message History

You kill the orc!
Cheibriados appreciates the change of pace.
The gnoll hits you but does no damage.
You attack the rock wall.
You feel less confused. You block the orc wizard's attack.
The gnoll completely misses you.
You hit the gnoll but do no damage. You block the gnoll's attack.
The orc wizard points at you and mumbles some strange words.
The magic dart hits you but does no damage.
The gnoll hits you but does no damage.
You closely miss the gnoll. The gnoll hits you but does no damage.
The orc wizard points at you and mumbles some strange words.
You easily resist.
You block the gnoll's attack.
Unknown command.
Unknown command.
Unknown command.
Unknown command.
You hit the orc wizard. You drain the orc wizard.
The orc wizard is heavily wounded.
The gnoll hits you but does no damage.
The orc wizard hits you but does no damage.
The gnoll hits you with a +0 whip.
* * * LOW HITPOINT WARNING * * *
Unknown command.
Unknown command.
Unknown command.
You closely miss the orc wizard.
The orc wizard is heavily wounded.
The gnoll hits you but does no damage.
The orc wizard hits you but does no damage.
Unknown command.
Unknown command.
Unknown command.
Unknown command.
You feel very mighty all of a sudden. The gnoll hits you but does no damage.
The gnoll hits you with a +0 whip.
* * * LOW HITPOINT WARNING * * *
The orc wizard gestures at you while chanting.
The magic dart hits you!
You die...

#.
#..........###
.
#...).........
#......)...#
##.........##
............##
####...###.##
#...###.##
#........#
##.<###o♣#
#..#..gg#
#.##.#
..#.##.####.#
#.....)).)...#
#........#####
#..####... #..
##.#. #.#.#


You could see an orc wizard (drained) and 2 gnolls.

Vanquished Creatures
  A two-headed ogre (D:8)
  A troll (D:7)
  Prince Ribbit (D:7)
  A wyvern (D:5)
  2 steam dragons
  Menkaure (D:4)
  2 water moccasins
  Duvessa (D:4)
  4 orc warriors
  A black bear (D:6)
  A sky beast (D:7)
  2 necrophages
  A centaur (D:7)
  2 ogres
  2 gnoll sergeants (D:6)
  5 scorpions
  Blork the orc (D:4)
  A water moccasin skeleton (D:6)
  Dowan (D:4)
  A bullfrog zombie (D:6)
  2 centaur zombies (D:6)
  2 hounds
  2 jellies
  Crazy Yiuf (D:4)
  4 orc priests
  A gnoll shaman (D:7)
  Jessica (D:2)
  2 iguanas (D:7)
  Ijyb (D:3)
  12 orc wizards
  7 adders
  14 gnolls
  A howler monkey skeleton (D:7)
  A white imp (D:6)
  An ufetubus (D:5)
  An adder skeleton (D:4)
  A worm (D:2)
  3 dart slugs
  27 orcs
  A bat zombie (D:3)
  5 endoplasms
  4 giant cockroaches
  8 goblins
  5 hobgoblins
  7 jackals
  5 quokkas
  12 ball pythons
  5 bats
  4 frilled lizards (D:1)
  5 kobolds
  2 rats
  2 rat zombies (D:3)
181 creatures vanquished.

Vanquished Creatures (others)
  267 foxfires
267 creatures vanquished.

Grand Total: 448 creatures vanquished

Notes
Turn   | Place    | Note
-------+----------+-------------------------------------------
     0 | D:1      | Kurdi the Gnoll Fire Elementalist began the quest for the
                  | Orb.
     0 | D:1      | Reached XP level 1. HP: 13/13 MP: 6/6
   177 | D:1      | Reached XP level 2. HP: 16/19 MP: 3/7
   368 | D:1      | You fall into a shaft and drop 1 floor!
   581 | D:2      | Noticed Jessica
   602 | D:2      | Killed Jessica
   603 | D:2      | Reached skill level 5 in Spellcasting
   603 | D:2      | Reached skill level 1 in Invocations
   603 | D:2      | Reached XP level 3. HP: 4/25 MP: 3/9
  1028 | D:2      | Found a sparkling altar of Nemelex Xobeh.
  1150 | D:2      | Reached skill level 1 in Fighting
  1150 | D:2      | Reached skill level 1 in Short Blades
  1150 | D:2      | Reached skill level 1 in Long Blades
  1150 | D:2      | Reached skill level 1 in Axes
  1150 | D:2      | Reached skill level 1 in Maces & Flails
  1150 | D:2      | Reached skill level 1 in Polearms
  1150 | D:2      | Reached skill level 1 in Staves
  1150 | D:2      | Reached skill level 1 in Slings
  1150 | D:2      | Reached skill level 1 in Bows
  1150 | D:2      | Reached skill level 1 in Crossbows
  1150 | D:2      | Reached skill level 1 in Throwing
  1150 | D:2      | Reached skill level 1 in Armour
  1150 | D:2      | Reached skill level 1 in Shields
  1150 | D:2      | Reached skill level 1 in Unarmed Combat
  1150 | D:2      | Reached skill level 1 in Evocations
  1654 | D:1      | Reached XP level 4. HP: 32/32 MP: 7/11
  2575 | D:3      | Learned a level 2 spell: Scorch
  2579 | D:3      | Learned a level 3 spell: Conjure Flame
  2667 | D:3      | Reached skill level 1 in Hexes
  2667 | D:3      | Reached skill level 1 in Summonings
  2667 | D:3      | Reached skill level 1 in Necromancy
  2667 | D:3      | Reached skill level 1 in Translocations
  2667 | D:3      | Reached skill level 1 in Transmutations
  2667 | D:3      | Reached skill level 1 in Ice Magic
  2667 | D:3      | Reached skill level 1 in Air Magic
  2667 | D:3      | Reached skill level 1 in Earth Magic
  2667 | D:3      | Reached skill level 1 in Poison Magic
  2679 | D:3      | Reached XP level 5. HP: 29/37 MP: 2/12
  2995 | D:3      | Noticed a water moccasin
  3027 | D:3      | HP: 1/37 [water moccasin (6)]
  3029 | D:3      | Killed a water moccasin
  3030 | D:3      | Reached XP level 6. HP: 1/44 MP: 1/13
  3908 | D:3      | Noticed Ijyb
  3925 | D:3      | Killed Ijyb
  3926 | D:3      | Reached skill level 5 in Dodging
  4274 | D:3      | Learned a level 3 spell: Inner Flame
  4290 | D:3      | Found a faded altar of an unknown god.
  4352 | D:3      | Found an ancient bone altar of Kikubaaqudgha.
  4700 | D:4      | Noticed a necrophage
  4709 | D:4      | Killed a necrophage
  4712 | D:4      | Noticed Duvessa
  4720 | D:4      | Noticed Dowan
  4726 | D:4      | Killed Duvessa
  4727 | D:4      | Reached XP level 7. HP: 27/51 MP: 2/15
  5132 | D:4      | Noticed Menkaure
  5139 | D:4      | Killed Menkaure
  5142 | D:4      | Killed Dowan
  5143 | D:4      | Reached skill level 5 in Stealth
  5208 | D:4      | Found an ornate altar of the Wu Jian Council.
  5342 | D:4      | Found a runed translucent door.
  5343 | D:4      | Noticed Crazy Yiuf
  5387 | D:4      | Noticed Blork the orc
  5400 | D:4      | Killed Blork the orc
  5610 | D:4      | Killed Crazy Yiuf
  5797 | D:5      | Entered Level 5 of the Dungeon
  6070 | D:5      | Reached XP level 8. HP: 53/57 MP: 16/16
  6164 | D:5      | Learned a level 4 spell: Flame Wave
  6241 | D:5      | Found a staircase to the Ecumenical Temple.
  6306 | D:5      | Identified the +1 robe of Wonder {Dex+2}
  6795 | D:5      | Noticed a wyvern
  6807 | D:5      | Killed a wyvern
  6992 | D:5      | Found an opulent altar of Gozag.
  6992 | D:5      | Found a burning altar of Makhleb.
  7038 | D:5      | Found a shadowy altar of Dithmenos.
  7044 | D:5      | Learned a level 4 spell: Animate Armour
  7240 | Temple   | Entered the Ecumenical Temple
  7293 | Temple   | Became a worshipper of Cheibriados the Contemplative
  8258 | D:6      | Reached XP level 9. HP: 55/65 MP: 4/18
  8372 | D:6      | Reached * piety under Cheibriados
  9208 | D:6      | Found a sacrificial altar of Ru.
 10284 | D:7      | Found a radiant altar of Vehumet.
 10354 | D:7      | Reached skill level 5 in Invocations
 10371 | D:7      | Reached ** piety under Cheibriados
 10737 | D:7      | Noticed Prince Ribbit
 11085 | D:7      | Reached XP level 10. HP: 72/73 MP: 11/20
 11134 | D:7      | Killed Prince Ribbit
 11667 | D:7      | Found a shimmering altar of Xom.
 11719 | D:7      | Reached skill level 5 in Fighting
 11719 | D:7      | Reached skill level 5 in Short Blades
 11719 | D:7      | Reached skill level 5 in Long Blades
 11719 | D:7      | Reached skill level 5 in Axes
 11719 | D:7      | Reached skill level 5 in Maces & Flails
 11719 | D:7      | Reached skill level 5 in Polearms
 11719 | D:7      | Reached skill level 5 in Staves
 11719 | D:7      | Reached skill level 5 in Slings
 11719 | D:7      | Reached skill level 5 in Bows
 11719 | D:7      | Reached skill level 5 in Crossbows
 11719 | D:7      | Reached skill level 5 in Throwing
 11719 | D:7      | Reached skill level 5 in Armour
 11719 | D:7      | Reached skill level 5 in Shields
 11719 | D:7      | Reached skill level 5 in Unarmed Combat
 11719 | D:7      | Reached skill level 5 in Evocations
 12346 | D:8      | Identified the +9 morningstar of Ciol Zia {speed, Fly rCorr
                  | MP+9 Str+4}
 12548 | D:8      | Noticed a two-headed ogre
 12557 | D:8      | Killed a two-headed ogre
 12580 | D:8      | HP: 4/111 [gnoll (5)]
 12580 | D:8      | Killed from afar by an orc wizard

Illustrated notes

Levels and vault maps discovered:
D:1:      dpeg_arrival_morbid_curiosity, layout_basic, bh_walls_and_bars
D:2:      layout_basic, basic_altar, lemuel_another_geyser, uniq_jessica
D:3:      layout_basic, lemuel_zombie_altar_kikubaaqudgha,
          hellmonk_ecumenical_altar_zigzags, minivault_19,
          minmay_misc_feat_tiny, minmay_surrounded, uniq_ijyb
D:4:      layout_rooms, lemuel_doored_altar, uniq_duvessa, uniq_blork_the_orc,
          uniq_crazy_yiuf_cottage, uniq_menkaure
D:5:      layout_loops_ring, gammafunk_temple_overflow_statue,
          mainiacjoe_overflow_alcove_4, minmay_temple_entry_antechambers,
          minmay_liquid_box, nicolae_fountain_basement
D:6:      layout_basic, mainiacjoe_overflow_paths
D:7:      layout_layer_cave, lemuel_coloured_pillars_altar, tgw_xom,
          hellmonk_bongcloud_opening, minmay_misc_feat_doors,
          uniq_prince_ribbit1
D:8:      layout_loops_ring, chequers_serial_rivers_marsh,
          kennysheep_small_spiral
Temple:   cyrus_circular_temple

Skill      XL: |  1  2  3  4  5  6  7  8  9 10 |
---------------+-------------------------------+-----
Conjurations   | 2 3 4 |  4.9
Spellcasting   | 5 6 7 |  7.3
Invocations    | 1 2 3 4 5 |  5.7
Fighting       | 1 2 3 4 5 |  5.2
Short Blades   | 1 2 3 4 5 |  5.2
Long Blades    | 1 2 3 4 5 |  5.2
Axes           | 1 2 3 4 5 |  5.2
Maces & Flails | 1 2 3 4 5 |  5.2
Polearms       | 1 2 3 4 5 |  5.2
Staves         | 1 2 3 4 5 |  5.2
Slings         | 1 2 3 4 5 |  5.2
Bows           | 1 2 3 4 5 |  5.2
Crossbows      | 1 2 3 4 5 |  5.2
Throwing       | 1 2 3 4 5 |  5.2
Armour         | 1 2 3 4 5 |  5.2
Shields        | 1 2 3 4 5 |  5.2
Unarmed Combat | 1 2 3 4 5 |  5.2
Evocations     | 1 2 3 4 5 |  5.2
Hexes          | 1 2 3 4 |  4.3
Summonings     | 1 2 3 4 |  4.3
Necromancy     | 1 2 3 4 |  4.3
Translocations | 1 2 3 4 |  4.3
Transmutations | 1 2 3 4 |  4.3
Ice Magic      | 1 2 3 4 |  4.3
Air Magic      | 1 2 3 4 |  4.3
Earth Magic    | 1 2 3 4 |  4.3
Poison Magic   | 1 2 3 4 |  4.3
Dodging        | 5 6 7 |  7.0
Stealth        | 5 6 |  6.8
Fire Magic     | 6 7 |  7.0

Action                   |  1- 3 |  4- 6 |  7- 9 | 10-12 || total
-------------------------+-------+-------+-------+-------++-------
Melee: Unarmed           |     4 |       |       |       ||     4
       Spear             |       |    37 |    80 |       ||   117
       Bite              |       |     3 |    23 |     7 ||    33
       Quarterstaff      |       |       |    27 |       ||    27
       Punch             |       |       |     7 |     1 ||     8
       Trident           |       |       |    73 |    12 ||    85
       Whip              |       |       |       |    17 ||    17
 Cast: Foxfire           |    44 |    71 |    58 |     8 ||   181
       Scorch            |       |    13 |    57 |    15 ||    85
       Conjure Flame     |       |     4 |     8 |       ||    12
       Inner Flame       |       |       |     3 |       ||     3
       Flame Wave        |       |       |     3 |     2 ||     5
       Animate Armour    |       |       |       |     1 ||     1
Invok: Bend Time         |       |       |     1 |       ||     1
Evoke: Wand              |       |       |    11 |     3 ||    14
  Use: Potion            |       |     2 |     2 |     5 ||     9
       Scroll            |       |     3 |     1 |     1 ||     5
 Stab: Sleeping          |       |     1 |     2 |       ||     3
Armor: Robe              |     2 |     5 |       |       ||     7
       Leather armour    |       |     7 |   101 |    18 ||   126
       Skin              |       |       |       |    15 ||    15
Dodge: Dodged            |    23 |    43 |   157 |    35 ||   258
Block: Other             |       |       |    20 |     7 ||    27
       Buckler           |       |       |       |    14 ||    14
